cohdb
Replays
Latest Replays
All Replays
Popular Replays
Top Player Replays
Match Explorer
How It Works
Community
CoH3 Stats
Reddit
Sign in to upload your games and track your stats! →
Sign in with Steam
Match 24812793
Unlisted
Match 24812793
Overview
Messages
Build Orders
End
Construct Infanterie Kompanie
Selects Luftwaffe Battlegroup
Selects Luftwaffe Pioneer Support
Fallschirmpioneer Squad Paradrop
Kettenkrad Recon Vehicle
Fallschirmpioneer Squad Paradrop
MG 42 Machine Gun Team
Construct Luftwaffe Kompanie
Jäger Squad
Jäger Squad
Medical Station
Selects Stuka Strafing Run
Selects Fallschirmjäger Squad Paradrop
Construct Panzer Kompanie
Jäger Squad
Panzer IV Medium Tank
Selects Stuka Loiter
Stuka Loiter
Jäger Squad
MG 42 Machine Gun Team
Stuka Strafing Run
Construct Panzergrenadier Kompanie
Selects LG40 Recoilless Gun Paradrop
Selects Flak 36 Anti-tank Gun Emplacement
MG 42 Bunker
Medical Bunker
Kettenkrad Recon Vehicle
Side Skirts
MG 42 Bunker
Panzer IV Medium Tank
eJjiN
Sam182svk
Gyomor
潜移默化
Badger Hammer
giovannone
Serial Chiller
Volchiy Klyk
0
0
Comments
sign in to comment!
No comments posted yet!